 Dungeon Crawl Stone Soup version 0.17.0-56-gd8de76c (webtiles) character file.

271 dohliylev the Caller (level 6, -1/32 HPs)
             Began as a Deep Elf Summoner on Dec 5, 2015.
             Was an Initiate of Vehumet.
             Shot with an arrow of flame by a centaur (5 damage)
             ... on level 5 of the Dungeon.
             The game lasted 00:25:07 (3909 turns).

dohliylev the Caller (Deep Elf Summoner)            Turns: 3909, Time: 00:25:07

Health: -1/32      AC:  3    Str:  5    XL:     6   Next: 2%
Magic:  7/25       EV: 13    Int: 22    God:    Vehumet [......]
Gold:   226        SH:  0    Dex: 15    Spells: 5 memorised, 3 levels left

rFire  + . .     SeeInvis .     e - +0 dagger (venom)
rCold  x . .     Clarity  .     a - +0 robe
rNeg   . . .     SustAt   .     (no shield)
rPois  .         Gourm    .     n - +0 helmet
rElec  .         Spirit   .     (no cloak)
rCorr  .         Warding  .     (no gloves)
rMut   .         Stasis   .     (no boots)
MR     .....                    (no amulet)
Stlth  ++........               w - ring of fire
                                h - ring of magical power

@: very slightly contaminated, not resistant to hostile enchantments, unstealthy
A: no striking features
a: Renounce Religion


You were on level 5 of the Dungeon.
You worshipped Vehumet.
Vehumet was noncommittal.
You were very hungry.

You visited 2 branches of the dungeon, and saw 6 of its levels.

You collected 226 gold pieces.

Inventory:

Hand Weapons
 e - a +0 dagger of venom (weapon)
Armour
 a - a +0 robe (worn)
 n - a +0 helmet (worn)
 y - a +0 pair of boots
Jewellery
 h - a ring of magical power (left hand)
 m - a +2 ring of strength
 w - a ring of fire (right hand)
Scrolls
 d - 4 scrolls of identify {unknown}
 i - 2 scrolls of teleportation {unknown}
 j - 6 scrolls of remove curse {unknown}
 o - a scroll of immolation {unknown}
 t - a scroll of noise {unknown}
 x - a scroll of enchant weapon {unknown}
Potions
 f - a potion of might {unknown}
 g - a potion of resistance {unknown}
 k - a potion of flight {unknown}
 l - 2 potions of curing {unknown}
 p - a potion of invisibility {unknown}
 r - a potion of haste {unknown}
 s - a potion of cancellation {unknown}
 u - a potion of mutation {unknown}
 v - a potion of cure mutation {unknown}
 B - 2 potions of brilliance {unknown}
Books
 b - a book of Callings

   Spells                             Type                      Level
   a - Summon Small Mammal            Summoning                    1
   b - Call Imp                       Summoning                    2
   c - Call Canine Familiar           Summoning                    3
   d - Summon Guardian Golem          Hexes/Summoning              3
   e - Summon Lightning Spire         Summoning/Air                4
   f - Summon Ice Beast               Ice/Summoning                4
Comestibles
 c - 5 bread rations
 q - a beef jerky
 A - a meat ration


   Skills:
 + Level 2.9 Dodging
 - Level 2.9 Stealth
 + Level 5.8 Spellcasting
 + Level 6.2 Summonings
 + Level 1.2 Ice Magic


You had 3 spell levels left.
You knew the following spells:

 Your Spells              Type           Power        Failure   Level  Hunger
a - Summon Small Mammal   Summ           ####         1%          1    None
b - Call Imp              Summ           ####....     1%          2    None
c - Call Canine Familiar  Summ           ####....     1%          3    ##.....
d - Summon Guardian Gole  Hex/Summ       ###.....     10%         3    ##.....
e - Summon Ice Beast      Ice/Summ       ##......     21%         4    ####...


Dungeon Overview and Level Annotations

Branches:
Dungeon (5/15)             Temple (1/1) D:4

Altars:
Ashenzari
Dithmenos
Elyvilon
Gozag
Kikubaaqudgha
Makhleb
Nemelex Xobeh
Okawaru
Qazlal
Ru
Vehumet
Xom
Yredelemnul
Zin
The Shining One


Message History

A centaur comes into view.
You swap places.
The centaur hits you.
* * * LOW HITPOINT WARNING * * *
Your hound bites the centaur.
You swap places.
The centaur wields an uncursed shortbow.
The centaur shoots an arrow of flame.
The arrow of flame hits your ice beast!
The arrow of flame melts your ice beast.
Your hound bites the centaur but does no damage.
Your hound completely misses the centaur.
Your ice beast hits the centaur.
Your ice beast freezes the centaur!
Casting: Summon Ice Beast
Confirm with . or Enter, or press ? or * to list all spells.
You feel a numb sensation. A chill wind blows around you.
The centaur shoots an arrow of flame.
The arrow of flame hits your ice beast!
The arrow of flame melts your ice beast.
Your ice beast dies!
Your hound barely misses the centaur.
The centaur shoots an arrow of flame.
The arrow of flame hits you.
You die...

#..... ####.... #......#
####......## ..........
#####.... ..# #
........###.##.####
.......h(@Y......(..
...###.c###.##...#.#
.....# #.##...#.# )......#
#.##...#.#######
.....$.####.##...#.#....##
.#...............#.##.....
....##.####.#.#.##.####.##
.................(.[....#
##..###...#..#.######


You could see a centaur, a friendly ice beast and a friendly hound.

Vanquished Creatures
  A gnoll (D:1)
  2 bats (D:2)
  A goblin (D:3)
  A kobold (D:3)
  3 rats
8 creatures vanquished.

Vanquished Creatures (collateral kills)
  An ogre (D:4)
  2 scorpions
  An orc wizard (D:3)
  A worker ant (D:4)
  An iguana (D:4)
  A hound zombie (D:5)
  A hound skeleton (D:4)
  3 gnolls (D:3)
  11 adders
  4 worms
  A giant gecko (D:2)
  6 orcs (D:3)
  A ball python (D:2)
  11 bats
  5 giant cockroaches
  4 goblins (D:1)
  3 hobgoblins
  9 kobolds
  3 giant newts
  4 jackals
  5 rats
78 creatures vanquished.

Grand Total: 86 creatures vanquished

Notes
Turn   | Place    | Note
--------------------------------------------------------------
     0 | D:1      | dohliylev the Deep Elf Summoner began the quest for the Orb.
     0 | D:1      | Reached XP level 1. HP: 10/10 MP: 6/6
   139 | D:1      | Reached XP level 2. HP: 7/15 MP: 1/8
   201 | D:1      | Learned a level 2 spell: Call Imp
   862 | D:2      | Reached skill level 5 in Summonings
   863 | D:2      | Reached XP level 3. HP: 19/19 MP: 6/10
  1045 | D:2      | Learned a level 3 spell: Call Canine Familiar
  1122 | D:2      | Learned a level 3 spell: Summon Guardian Golem
  1638 | D:2      | Found a shimmering altar of Xom.
  1838 | D:3      | Found a white marble altar of Elyvilon.
  1845 | D:3      | Found a sparkling altar of Nemelex Xobeh.
  1907 | D:3      | Reached XP level 4. HP: 24/24 MP: 7/12
  2692 | D:4      | Noticed an ogre
  2712 | D:4      | Killed an ogre
  2712 | D:4      | Reached skill level 6 in Summonings
  2712 | D:4      | Reached XP level 5. HP: 28/28 MP: 8/14
  2718 | D:4      | Learned a level 4 spell: Summon Ice Beast
  2799 | D:4      | Reached skill level 5 in Spellcasting
  2808 | D:4      | Found a staircase to the Ecumenical Temple.
  2819 | Temple   | Entered the Ecumenical Temple
  3043 | Temple   | Became a worshipper of Vehumet
  3741 | D:5      | Entered Level 5 of the Dungeon
  3804 | D:5      | Reached skill level 1 in Ice Magic
  3804 | D:5      | Reached XP level 6. HP: 11/32 MP: 12/16
  3904 | D:5      | Noticed a centaur
  3907 | D:5      | Noticed a centaur
  3909 | D:5      | Shot with an arrow of flame by a centaur

Action                   |  1- 3 |  4- 6 || total
-------------------------+-------+-------++-------
Melee: Dagger            |     9 |     9 ||    18
 Cast: Summon Small Mamm |    54 |    17 ||    71
       Call Imp          |    22 |    11 ||    33
       Call Canine Famil |    10 |    11 ||    21
       Summon Guardian G |     3 |     6 ||     9
       Summon Ice Beast  |       |    15 ||    15
 Stab: Sleeping          |     1 |     1 ||     2
       Distracted        |       |     1 ||     1
  Eat: Chunk             |     4 |     9 ||    13
